 Dungeon Crawl Stone Soup version 0.23-a0-299-g9a66eeb (webtiles) character file.

1683 Gildeon the Poker (level 9, 0/68 HPs)
             Began as a Formicid Fighter on Oct 6, 2018.
             Splashed by a jelly's acid (5 damage)
             ... on level 6 of the Dungeon.
             The game lasted 00:21:46 (4854 turns).

Gildeon the Poker (Formicid Fighter)                Turns: 4854, Time: 00:21:47

Health: 0/68       AC: 12    Str: 24    XL:     9   Next: 22%
Magic:  12/12      EV:  9    Int:  8    God:
Gold:   359        SH: 10    Dex: 10    Spells: 11/12 levels left

rFire    + . .     SeeInvis +   a - +0 trident
rCold    . . .     Gourm    .   c - +0 shield
rNeg     . . .     Faith    .   q - +0 chain mail
rPois    +         Spirit   .   (helmet unavailable)
rElec    .         Reflect  .   (no cloak)
rCorr    .         Harm     .   (no gloves)
MR       .....                  k - +1 pair of boots
Stlth    ..........             (no amulet)
HPRegen  0.21/turn              n - ring of protection from fire
MPRegen  0.13/turn              e - ring of poison resistance

@: no status effects
A: permanent stasis, dig shafts and tunnels, four strong arms, antennae 3
a: Dig, Shaft Self


You were on level 6 of the Dungeon.
You were not hungry.

You visited 1 branch of the dungeon, and saw 6 of its levels.

You collected 359 gold pieces.

Inventory:

Hand Weapons
 a - a +0 trident (weapon)
Armour
 c - a +0 shield (worn)
 k - a +1 pair of boots (worn)
 q - a +0 chain mail (worn)
Jewellery
 e - a ring of poison resistance (right hand)
 j - a +2 ring of intelligence
 n - a ring of protection from fire (left hand)
 o - an uncursed ring of magical power
Wands
 b - a wand of random effects (14)
Scrolls
 g - a scroll of enchant weapon {unknown}
Potions
 h - a potion of invisibility
 i - 3 potions of lignification
 l - 2 potions of brilliance
 m - 2 potions of curing
 t - a potion of magic
Comestibles
 f - 8 rations


   Skills:
 - Level 5.1 Fighting
 * Level 6.8 Polearms
 - Level 5.1 Armour
 + Level 3.8 Dodging
 + Level 6.5 Shields
 + Level 2.2 Spellcasting
 - Level 2.0 Conjurations
 + Level 0.7 Evocations


You had 11 spell levels left.
You knew the following spells:

 Your Spells              Type           Power        Failure   Level  Hunger
a - Magic Dart            Conj           #...         87%         1    ##.....

Your spell library contained the following spells:

 Spells                   Type           Power        Failure   Level  Hunger


Dungeon Overview and Level Annotations

Branches:
Dungeon (6/15)
 Temple: D:4-7

Altars:
Ashenzari
Elyvilon
Hepliaklqana
Kikubaaqudgha
Sif Muna
Trog
Vehumet
Yredelemnul
Zin
The Shining One

Shops:
D:6 *

Annotations:
D:6 exclusion: 2 doors


Innate Abilities, Weirdness & Mutations

You cannot be hasted, slowed, berserked, paralysed or teleported.
You can dig through walls and to a lower floor.
Your four strong arms can wield two-handed weapons with a shield.
You have a pair of large antennae on your head. (SInv)


Message History

You block the ooze's attack.
You hit the ooze.
The ooze is almost dead.
You block the ooze's attack.
You hit the ooze.
You kill the ooze!
You hit the jelly.
Your hands burn!
* * * LOW HITPOINT WARNING * * *
The jelly is moderately wounded.
You block the jelly's attack.
You hit the jelly.
Your hands burn!
* * * LOW HITPOINT WARNING * * *
The jelly is moderately wounded.
You are no longer corroded.
The jelly barely misses you.
You barely miss the jelly.
The jelly is moderately wounded.
You block the jelly's attack.
You hit the jelly.
Your hands burn!
You die...

..##...#####....##+##########..#.
'###...###.....>....#.###..##..#.
.........#..(.......#..#.......+.
.........#........[.#..#.......#.
..##....##..........#'#######'##.
..##....##########...............
........#....# #.................
........#....# #.#...............
#.####'####'## #@###.............
#.##.........# #J# ##+#....###'#.
#..#.........##...# #....#...#.
#..#.........##...# #....#...#.
#..#.........#..... #....#...#.
#..#.........#.....# #....#...#.
#..#.........#P....# #....#...#.
####.........##...## #....##..#.
........##'####...# ##....#..#.


You could see a jelly.

Vanquished Creatures
  A slime creature (D:6)
  Eustachio (D:6)
  An ice beast (D:6)
  An ogre (D:5)
  A centaur (D:6)
  3 bullfrogs (D:6)
  2 scorpions
  2 hounds
  12 jellies
  2 orc wizards (D:5)
  3 worker ants
  A hound zombie (D:6)
  A hound skeleton (D:6)
  2 worker ant zombies (D:6)
  8 adders
  10 oozes
  A worm (D:2)
  4 dart slugs (D:1)
  2 leopard geckos
  11 orcs
  2 ball pythons (D:3)
  6 bats
  2 giant cockroaches
  7 goblins
  4 hobgoblins
  6 jackals
  5 quokkas
  6 frilled lizards
  9 kobolds
  A leopard gecko skeleton (D:6)
  A leopard gecko zombie (D:6)
  10 rats
128 creatures vanquished.

Vanquished Creatures (others)
  5 fungi (D:6)
5 creatures vanquished.

Grand Total: 133 creatures vanquished

Notes
Turn   | Place    | Note
-------+----------+-------------------------------------------
     0 | D:1      | Gildeon the Formicid Fighter began the quest for the Orb.
     0 | D:1      | Reached XP level 1. HP: 18/18 MP: 1/1
   219 | D:1      | Reached XP level 2. HP: 24/24 MP: 2/2
   456 | D:1      | Reached XP level 3. HP: 28/29 MP: 3/3
  1077 | D:2      | Reached skill level 1 in Dodging
  1077 | D:2      | Reached XP level 4. HP: 37/37 MP: 4/4
  1599 | D:2      | Reached XP level 5. HP: 35/42 MP: 5/5
  1642 | D:2      | Found a deep blue altar of Sif Muna.
  1642 | D:2      | Found an ancient bone altar of Kikubaaqudgha.
  1644 | D:2      | Found a radiant altar of Vehumet.
  1647 | D:2      | Identified Vehumet's Grimoire of Attacks
  1651 | D:2      | Learned a level 1 spell: Magic Dart
  2183 | D:3      | Reached XP level 6. HP: 48/48 MP: 6/6
  2690 | D:4      | Found a shattered altar of Ashenzari.
  2895 | D:4      | Reached XP level 7. HP: 47/55 MP: 7/7
  3035 | D:5      | Entered Level 5 of the Dungeon
  3048 | D:5      | Reached skill level 5 in Shields
  3306 | D:5      | Found a shattered altar of Ashenzari.
  3471 | D:5      | Found a glowing golden altar of the Shining One.
  3471 | D:5      | Found a white marble altar of Elyvilon.
  3471 | D:5      | Found a glowing silver altar of Zin.
  3537 | D:5      | Found a bloodstained altar of Trog.
  3540 | D:5      | Found a hazy altar of Hepliaklqana.
  3543 | D:5      | Found a basalt altar of Yredelemnul.
  3886 | D:6      | Found Wusmysk's General Store.
  4048 | D:6      | Reached skill level 5 in Polearms
  4079 | D:6      | Reached XP level 8. HP: 41/61 MP: 8/8
  4098 | D:6      | Noticed Eustachio
  4129 | D:6      | Killed Eustachio
  4129 | D:6      | Reached skill level 5 in Fighting
  4129 | D:6      | Reached skill level 5 in Armour
  4520 | D:6      | Reached skill level 1 in Spellcasting
  4520 | D:6      | Reached skill level 1 in Conjurations
  4771 | D:6      | Noticed a slime creature
  4797 | D:6      | Killed a slime creature
  4800 | D:6      | Reached XP level 9. HP: 30/68 MP: 9/11
  4854 | D:6      | Splashed by a jelly's acid

Vault maps used:
D:1:      minmay_arrival_arboretum_small, wad_floor_pattern_untrapped
D:2:      grunt_temple_overflow_magic_moments
D:3:      cheibrodos_helix_gallery, grunt_decor_resistance
D:4:      lemuel_coloured_pillars_altar, serial_curves, eino_curves_04,
          eino_curves_03
D:5:      good_gods_mini_temple, grunt_temple_overflow_diamond, basic_altar,
          first_ration
D:6:      lemuel_slime, serial_shops, nicolae_shop_trees, uniq_menkaure,
          uniq_eustachio

Skill      XL: |  1  2  3  4  5  6  7  8  9 |
---------------+----------------------------+-----
Shields        | 4 5 6 |  6.5
Polearms       | 3 4 5 6 |  6.8
Dodging        | 1 2 3 |  3.8
Armour         | 4 5 |  5.1
Fighting       | 4 5 |  5.1
Spellcasting   | 1 2 |  2.2
Conjurations   | 1 2 |  2.0
Evocations     | |  0.7

Action                   |  1- 3 |  4- 6 |  7- 9 || total
-------------------------+-------+-------+-------++-------
Melee: Trident           |    89 |   246 |   241 ||   576
Evoke: Wand              |       |       |     1 ||     1
  Use: Scroll            |     4 |     7 |     6 ||    17
       Potion            |       |       |     5 ||     5
  Eat: Chunk             |     1 |     6 |     2 ||     9
       Ration            |       |       |     2 ||     2
Armor: Scale mail        |    33 |    73 |       ||   106
       Chain mail        |       |    39 |   102 ||   141
Dodge: Dodged            |    22 |    81 |    53 ||   156
Block: Shield            |    52 |   140 |   117 ||   309

Table legend:
 A = Non-vault XP
 B = Vault XP
 C = Vault XP percentage of total XP
 D = Non-vault monster count
 E = Vault monster count
 F = Vault count percentage of total count
                 A         B        C        D         E       F
            +---------+---------+-------+---------+---------+-------
      Total |    1411 |     994 |  41.3 |     105 |      23 |  18.0
            +---------+---------+-------+---------+---------+-------
        D:1 |      53 |       0 |   0.0 |      27 |       0 |   0.0
        D:2 |     139 |       0 |   0.0 |      16 |       0 |   0.0
        D:3 |     188 |      15 |   7.4 |      26 |       2 |   7.1
        D:4 |     129 |       0 |   0.0 |       9 |       0 |   0.0
        D:5 |     258 |       0 |   0.0 |      11 |       0 |   0.0
        D:6 |     644 |     979 |  60.3 |      16 |      21 |  56.8
            +---------+---------+-------+---------+---------+-------
